 Dungeon Crawl Stone Soup version 0.21.1-1-g345015fe64 (webtiles) character file.

47886 Kohma the Bludgeoner (level 14, -9/127 HPs)
             Began as a Minotaur Berserker on June 8, 2018.
             Was a High Priest of Trog.
             Drowned by a drowned soul (13 damage)
             ... summoned by a merfolk avatar
             ... on level 2 of the Shoals.
             The game lasted 01:46:45 (18713 turns).

Kohma the Bludgeoner (Minotaur Berserker)          Turns: 18713, Time: 01:46:45

Health: -9/127     AC: 22    Str: 31    XL:     14   Next: 10%
Magic:  22/22      EV: 22    Int:  4    God:    Trog [*****.]
Gold:   3          SH: 15    Dex: 10    Spells: 13/13 levels left

rFire    + . .     SeeInvis +   l - +4 war axe of the Endless March {vamp, +Inv rElec MP+9}
rCold    + + .     Gourm    .   w - +3 warlock's mirror {reflect}
rNeg     . . .     Faith    .   T - +6 scale mail of the Grue {rC+ SInv}
rPois    +         Spirit   .   L - +0 hat {SInv}
rElec    +         Reflect  +   O - +1 cloak
rCorr    +         Harm     .   C - +1 pair of gloves
MR       +++..                  f - +0 pair of boots
Stlth    ..........             B - +5 amulet of reflection
HPRegen  1.31/turn              F - +4 ring of strength
MPRegen  0.18/turn              k - ring of Phasing {EV+8}

@: about to teleport, resistant, mesmerised, regenerating, very slow
A: retaliatory headbutt, horns 2
a: Berserk, Trog's Hand, Brothers in Arms, Burn Spellbooks, Renounce Religion,
Evoke Invisibility


You were on level 2 of the Shoals.
You worshipped Trog.
Trog was extremely pleased with you.
You were very hungry.

You visited 5 branches of the dungeon, and saw 20 of its levels.
You also visited: Labyrinth.

You collected 994 gold pieces.
You spent 991 gold pieces at shops.

Inventory:

Hand Weapons
 l - the +4 war axe of the Endless March (weapon) {vamp, +Inv rElec MP+9}
   (You found it on level 2 of the Lair of Beasts)

   It inflicts no extra harm, but heals its wielder when it wounds a living foe.
   It insulates you from electricity.
   It affects your magic capacity (+9).
   It lets you turn invisible.
 u - a +2 flail of draining
 y - a +0 shortbow of flaming
 W - a +3 great mace of protection
Missiles
 a - 5 poisoned tomahawks (quivered)
 t - 186 arrows
 D - 17 tomahawks
Armour
 f - a +0 pair of boots (worn)
 s - a +0 shield
 w - the +3 warlock's mirror (worn) {reflect}
   (You acquired it in a labyrinth)
 C - a +1 pair of gloves (worn)
 L - a +0 hat of see invisible (worn)
 O - a +1 cloak (worn)
 T - the +6 scale mail of the Grue (worn) {rC+ SInv}
   (You bought it in a shop on level 1 of the Shoals)

   It protects you from cold.
   It lets you see invisible.
 Y - a +1 scale mail of poison resistance
Jewellery
 k - the ring of Phasing (right hand) {EV+8}
   (You found it on level 5 of the Dungeon)

   [ring of evasion]

   It affects your evasion (+8).
 A - an uncursed ring of stealth
 B - a +5 amulet of reflection (around neck)
 F - a +4 ring of strength (left hand)
Wands
 b - a wand of random effects (56)
 e - a wand of polymorph (9)
 v - a wand of scattershot (10)
 x - a wand of digging (16)
 E - a wand of paralysis (40)
 H - a wand of enslavement (15)
 J - a wand of acid (7)
 N - a wand of disintegration (22)
Scrolls
 m - 5 scrolls of teleportation
 o - 9 scrolls of remove curse
 p - 3 scrolls of blinking
 q - a scroll of enchant armour
 M - 3 scrolls of magic mapping
 R - 3 scrolls of fog
Potions
 d - 4 potions of resistance
 g - 3 potions of mutation
 h - a potion of might
 j - 3 potions of agility
 n - 2 potions of brilliance
 r - a potion of berserk rage {unknown}
 z - 8 potions of curing
 G - a potion of ambrosia {unknown}
 Q - 4 potions of flight
 Z - 2 potions of invisibility
Miscellaneous
 i - a phial of floods
Comestibles
 c - 26 rations


   Skills:
 + Level 12.7 Fighting
 - Level 5.9(11.8) Axes
 * Level 15.5(15.8) Maces & Flails
 + Level 12.4 Armour
 + Level 9.0 Dodging
 * Level 13.8 Shields


You had 13 spell levels left.
You didn't know any spells.

Dungeon Overview and Level Annotations

Branches:
Dungeon (11/15)            Temple (1/1) D:5            Lair (4/6) D:10
 Shoals (2/4) Lair:4        Snake (2/4) Lair:2
    Orc: D:9-12

Altars:
Cheibriados
Dithmenos
Fedhas
Gozag
Kikubaaqudgha
Makhleb
Nemelex Xobeh
Okawaru
Qazlal
Ru
Sif Muna
Trog
Uskayaw
Vehumet
Wu Jian
Xom
Yredelemnul
Zin
The Shining One

Shops:
D:5 *   Shoals:1 [   Shoals:2 [}*[*

Annotations:
D:4 Crazy Yiuf


Innate Abilities, Weirdness & Mutations

You reflexively headbutt those who attack you in melee.
You have a pair of horns on your head.


Message History

The drowned soul is moderately damaged.
You barely miss the merfolk avatar.
The merfolk avatar chants its luring song.
Your troll goes berserk!
You are feeling very hungry.
The drowned soul returns to the deep!
The merfolk avatar chants its luring song.
The drowned soul touches you. The drowned soul drowns you!
* * * LOW HITPOINT WARNING * * *
You feel protected. The drowned soul touches you. The drowned soul drowns you!
* * * LOW HITPOINT WARNING * * *
The merfolk avatar chants its luring song.
Okay, then.
Evoke which item? (* to show all) (? for menu, Esc to quit)
Okay, then.
As you read the scroll of teleportation, it crumbles to dust.
You feel strangely unstable. The drowned soul touches you.
The drowned soul drowns you!
You die...

≈≈≈≈≈≈≈≈≈.......≈≈≈≈≈≈≈≈
≈≈≈≈≈≈≈≈.......).≈.≈≈≈..
≈≈≈≈≈≈....###...≈≈≈≈≈≈..
≈≈W≈≈≈....###...≈≈≈≈≈...
≈≈≈≈≈≈.............≈.(..
≈≈≈≈≈≈≈..............#..
≈≈≈≈≈≈≈≈.......≈≈≈≈.....
≈≈≈≈≈≈T≈≈≈...≈≈≈≈≈......
≈≈≈≈≈≈m@≈≈≈≈≈≈≈≈≈≈..≈..≈
≈≈≈≈≈≈≈W≈≈≈≈≈≈≈≈≈≈≈≈≈...
≈≈≈≈≈≈≈≈≈≈≈≈≈≈≈≈≈≈≈≈≈ ..
≈≈≈≈≈≈≈≈≈≈≈≈≈≈≈≈≈≈≈≈ ..
≈≈≈≈≈≈≈≈≈≈≈≈≈≈≈≈≈≈≈ ..
≈≈≈≈≈≈≈≈≈≈≈≈≈≈≈≈≈
≈≈≈≈≈≈≈≈≈≈≈≈≈≈≈≈
≈≈≈≈≈≈≈≈≈≈≈≈≈≈≈


You could see a merfolk avatar, 2 drowned souls and a friendly troll (berserk).

Vanquished Creatures
  Gastronok (D:8)
  Josephine (D:10)
  2 merfolk impalers (Shoals:2)
  A minotaur (Lab)
  The ghost of Kohma the Basher, a journeyman MiBe of Trog (Lair:3)
  A hydra (Lair:3)
  2 merfolk avatars
  Erica (D:10)
  2 merfolk aquamancers
  7 sea snakes
  Pikel (D:6)
  14 harpies (Shoals:1)
  A mana viper (Snake:1)
  4 manticores
  A faun (Shoals:1)
  2 elephants (Lair:2)
  A guardian serpent (Lair:2)
  The ghost of aliadon the Cleaver, a novice HOMo of Beogh (D:4)
  4 centaur zombies (D:7)
  A water nymph (Shoals:2)
  4 merfolk sirens
  2 spiny frogs
  Maurice (D:8)
  2 centaur skeletons (D:7)
  A rime drake (Lair:3)
  2 hellwings (D:6)
  A komodo dragon (Lair:1)
  4 wind drakes (Shoals:1)
  2 polar bears (Lair:3)
  9 merfolk
  A troll (D:9)
  Grinder (D:6)
  Prince Ribbit (D:8)
  3 blink frogs (Lair:3)
  8 hippogriffs
  3 dream sheep (Shoals:1)
  3 snapping turtles
  3 wraiths (D:10)
  A wyvern (Lair:1)
  7 water elementals
  Eustachio (D:5)
  2 basilisks (Lair:2)
  4 spriggans
  25 yaks
  Edmund (D:4)
  3 porcupines
  5 water moccasins
  2 soldier ants (D:8)
  An orc warrior (D:9)
  An ice beast (D:10)
  A sky beast (D:10)
  3 phantoms
  A black bear (Lair:3)
  2 centaurs
  A necrophage (D:10)
  2 ogres
  11 wolves
  9 crocodiles
  7 bullfrogs
  2 water moccasin zombies
  A wyvern skeleton (D:7)
  5 scorpions
  11 killer bees
  3 wights (D:8)
  An electric eel (Lair:3)
  2 howler monkeys
  2 crimson imps
  2 jellies
  A quasit (D:9)
  A bullfrog zombie (D:8)
  3 orc priests
  5 hounds
  2 iguanas (D:9)
  7 orc wizards
  7 worker ants
  A hound zombie (D:9)
  2 hound skeletons
  A howler monkey zombie (D:7)
  8 adders
  4 gnolls (D:8)
  7 shadow imps
  4 oozes
  4 adder zombies
  2 adder skeletons
  6 worms
  4 dart slugs
  3 leopard geckos
  19 orcs
  A ball python (D:1)
  5 bats
  5 giant cockroaches
  8 goblins
  5 hobgoblins
  7 kobolds
  5 quokkas
  5 frilled lizards
  A jackal zombie (D:10)
  A kobold zombie (D:10)
  A quokka skeleton (D:4)
  7 rats
  A butterfly (Lair:2)
  4 plants
366 creatures vanquished.

Vanquished Creatures (others)
  A cyclops (Shoals:1)
  A centaur (D:9)
  A worker ant zombie (D:10)
  8 fungi (Lair:4)
  23 plants
34 creatures vanquished.

Grand Total: 400 creatures vanquished

Notes
Turn   | Place    | Note
-------+----------+-------------------------------------------
     0 | D:1      | Kohma the Minotaur Berserker began the quest for the Orb.
     0 | D:1      | Reached XP level 1. HP: 19/19 MP: 0/0
    63 | D:1      | Reached XP level 2. HP: 23/27 MP: 1/1
   329 | D:1      | Reached XP level 3. HP: 27/33 MP: 2/2
   626 | D:2      | Reached ** piety under Trog
   656 | D:2      | Found a basalt altar of Yredelemnul.
  1640 | D:3      | Found a snail-covered altar of Cheibriados.
  1680 | D:3      | Found a radiant altar of Vehumet.
  1841 | D:3      | Reached XP level 4. HP: 40/41 MP: 3/3
  1912 | D:3      | Found a blossoming altar of Fedhas.
  2016 | D:3      | Found a sparkling altar of Nemelex Xobeh.
  2175 | D:4      | Noticed aliadon's ghost (novice HOMo)
  2429 | D:4      | Killed aliadon's ghost
  2429 | D:4      | Reached skill level 5 in Fighting
  2429 | D:4      | Reached skill level 5 in Axes
  2429 | D:4      | Reached XP level 5. HP: 40/48 MP: 4/4
  2429 | D:4      | Reached XP level 6. HP: 46/56 MP: 5/5
  2525 | D:4      | Noticed Edmund
  2538 | D:4      | Killed Edmund
  2538 | D:4      | Reached skill level 5 in Armour
  2538 | D:4      | Reached XP level 7. HP: 44/62 MP: 6/6
  2755 | D:5      | Entered Level 5 of the Dungeon
  2851 | D:4      | Found a runed door.
  2855 | D:4      | Noticed Crazy Yiuf
  3264 | D:4      | Found a hide-covered altar of Uskayaw.
  3356 | D:5      | Found the ring of Phasing {EV+8}
  3398 | D:5      | Reached skill level 1 in Maces & Flails
  3459 | D:5      | Found a staircase to the Ecumenical Temple.
  3468 | Temple   | Entered the Ecumenical Temple
  3691 | D:5      | Reached skill level 5 in Dodging
  3694 | D:5      | Reached skill level 2 in Maces & Flails
  3914 | D:5      | Noticed Eustachio
  3921 | D:5      | Killed Eustachio
  3938 | D:5      | Found Woopn's Whimsical Warehouse.
  4045 | D:5      | Reached skill level 3 in Maces & Flails
  4181 | D:5      | Reached *** piety under Trog
  4308 | D:6      | Noticed Grinder
  4311 | D:6      | Paralysed by Grinder for 2 turns
  4317 | D:6      | Killed Grinder
  4317 | D:6      | Reached skill level 4 in Maces & Flails
  4317 | D:6      | Reached XP level 8. HP: 58/71 MP: 7/7
  4495 | D:6      | Reached skill level 1 in Shields
  4640 | D:6      | Noticed Pikel
  4659 | D:6      | Killed Pikel
  4659 | D:6      | Reached skill level 5 in Maces & Flails
  4689 | D:6      | Reached skill level 6 in Maces & Flails
  4738 | D:6      | Reached XP level 9. HP: 77/79 MP: 8/8
  4967 | D:7      | Noticed a hellwing
  4969 | D:7      | Noticed a hellwing
  4996 | D:6      | Killed a hellwing
  5012 | D:6      | Killed a hellwing
  5012 | D:6      | Reached skill level 5 in Shields
  5208 | D:7      | Reached skill level 7 in Maces & Flails
  5236 | D:7      | Reached skill level 8 in Maces & Flails
  5251 | D:7      | Reached XP level 10. HP: 42/90 MP: 9/9
  6142 | D:8      | Noticed Maurice
  6144 | D:8      | Noticed Gastronok
  6159 | D:8      | Killed Maurice
  6159 | D:8      | Reached skill level 9 in Maces & Flails
  6190 | D:8      | Found an ornate altar of the Wu Jian Council.
  6405 | D:8      | Killed Gastronok
  6405 | D:8      | Reached **** piety under Trog
  6405 | D:8      | Reached skill level 10 in Maces & Flails
  6927 | D:8      | Noticed Prince Ribbit
  6948 | D:8      | Killed Prince Ribbit
  7315 | D:9      | Reached XP level 11. HP: 88/99 MP: 10/10
  7332 | D:10     | Entered Level 10 of the Dungeon
  7367 | D:11     | Reached ***** piety under Trog
  7383 | D:11     | Noticed a cyan ugly thing
  7514 | D:9      | Reached skill level 10 in Shields
  7619 | D:9      | Reached skill level 11 in Maces & Flails
  7623 | D:9      | Reached skill level 10 in Fighting
  8070 | D:9      | Found an opulent altar of Gozag.
  8140 | D:9      | Found a bloodstained altar of Trog.
  8634 | D:10     | Noticed Erica
  8661 | D:10     | Killed Erica
  8676 | D:10     | Found a runed door.
  8681 | D:10     | Found a basalt altar of Yredelemnul.
  8798 | D:10     | Found a staircase to the Lair.
  8822 | Lair:1   | Entered Level 1 of the Lair of Beasts
  9052 | D:10     | Noticed Josephine
  9076 | D:10     | Killed Josephine
  9086 | D:10     | Reached skill level 10 in Armour
  9767 | Lair:1   | Reached skill level 12 in Maces & Flails
  9792 | Lair:1   | Received a gift from Trog
 10020 | Lair:1   | Reached XP level 12. HP: 108/108 MP: 11/11
 10478 | Lair:2   | Found an ancient bone altar of Kikubaaqudgha.
 10712 | Lair:2   | Got a jewelled war axe
 10719 | Lair:2   | Identified the +4 war axe of the Endless March {vamp, +Inv rElec MP+9} (You found it on level 2 of the Lair of Beasts)
 10985 | Lair:2   | Found a staircase to the Snake Pit.
 10994 | Snake:1  | Entered Level 1 of the Snake Pit
 11055 | Snake:2  | Noticed an anaconda
 11063 | Snake:1  | Reached skill level 13 in Maces & Flails
 11493 | Lair:3   | Noticed Kohma's ghost (journeyman MiBe)
 11519 | Lair:3   | Killed Kohma's ghost
 11521 | Lair:3   | Found a labyrinth entrance.
 11604 | Lab      | Entered a labyrinth
 13735 | Lab      | Noticed a minotaur
 14729 | Lab      | Identified a scroll of acquirement
 14730 | Lab      | Found the +3 warlock's mirror {reflect}
 15352 | Lab      | Killed a minotaur
 15378 | Lab      | Got a bloodstained flail
 15388 | Lab      | Identified the +3 flail of Tyolu {crush, SInv} (You found it in a labyrinth)
 15788 | Lair:3   | Noticed a four-headed hydra
 15802 | Lair:3   | Killed a 14-headed hydra
 16352 | Lair:4   | Got a transparent ring mail
 16447 | Lair:4   | Identified the +3 ring mail "Joziheux" {rCorr Str-5 SInv} (You found it on level 4 of the Lair of Beasts)
 16473 | Lair:4   | Found a staircase to the Shoals.
 16494 | Shoals:1 | Entered Level 1 of the Shoals
 16512 | Shoals:1 | Reached skill level 14 in Maces & Flails
 16514 | Shoals:1 | Reached XP level 13. HP: 117/117 MP: 12/12
 17001 | Shoals:1 | Received a gift from Trog
 17167 | Shoals:2 | Noticed a merfolk impaler
 17277 | Shoals:1 | Found Niumu's Armour Emporium.
 17471 | Shoals:1 | Reached skill level 15 in Maces & Flails
 17848 | Shoals:2 | Found Qauxtaf's Armour Shoppe.
 17903 | Shoals:2 | Noticed a merfolk impaler
 17917 | Shoals:2 | Killed a merfolk impaler
 18002 | Shoals:2 | Killed a merfolk impaler
 18130 | Shoals:2 | Found Heykar's General Store.
 18212 | Shoals:1 | Bought the +6 scale mail of the Grue {rC+ SInv} for 991 gold pieces
 18281 | Shoals:2 | Found Etiyb's Gadget Shop.
 18310 | Shoals:2 | Reached XP level 14. HP: 125/127 MP: 13/13
 18328 | Shoals:2 | Found Arabovov's Assorted Antiques.
 18347 | Shoals:2 | Found Idug Ugu's Armour Boutique.
 18712 | Shoals:2 | HP: 3/127 [drowned by a drowned soul[a merfolk avatar] (9)]
 18713 | Shoals:2 | Drowned by a drowned soul

Skill      XL: |  1  2  3  4  5  6  7  8  9 10 11 12 13 14 |
---------------+-------------------------------------------+-----
Axes           | 4 5 |  5.9
Fighting       | 4 5 6 7 8 9 10 11 12 | 12.7
Armour         | 3 4 5 6 8 9 10 11 12 | 12.4
Dodging        | 3 4 5 7 8 9 |  9.0
Maces & Flails | 4 6 8 10 12 14 15 | 15.5
Shields        | 4 7 9 11 12 13 | 13.8

Action                   |  1- 3 |  4- 6 |  7- 9 | 10-12 | 13-15 || total
-------------------------+-------+-------+-------+-------+-------++-------
Melee: Hand axe          |    76 |    42 |    33 |       |       ||   151
       Headbutt          |    14 |    11 |    50 |   170 |    86 ||   331
       Flail             |       |       |   202 |   433 |       ||   635
       Great mace        |       |       |       |    68 |       ||    68
       War axe           |       |       |       |   183 |   326 ||   509
Throw: Tomahawk          |       |       |       |     2 |       ||     2
       Throwing net      |       |       |       |       |     1 ||     1
Invok: Burn Spellbooks   |       |       |       |     2 |     1 ||     3
       Trog's Hand       |       |       |       |     1 |     1 ||     2
       Brothers in Arms  |       |       |       |     1 |     1 ||     2
Evoke: Wand              |       |       |       |     9 |       ||     9
  Use: Scroll            |     7 |       |    11 |    16 |     5 ||    39
       Potion            |       |       |     1 |     4 |     2 ||     7
 Stab: Distracted        |     1 |       |       |       |       ||     1
  Eat: Ration            |     1 |       |     2 |     9 |     1 ||    13
       Chunk             |       |     1 |     2 |    16 |     4 ||    23
Armor: Animal skin       |    16 |       |       |       |       ||    16
       Scale mail        |       |    17 |    29 |    64 |    80 ||   190
       Chain mail        |       |       |    71 |    25 |       ||    96
       Plate armour      |       |       |       |    56 |       ||    56
Dodge: Dodged            |    52 |    28 |   201 |   362 |   277 ||   920
Block: Shield            |       |       |   179 |   467 |       ||   646
       Reflection        |       |       |     9 |     6 |     6 ||    21
       Other             |       |       |       |    16 |       ||    16
       Buckler           |       |       |       |    93 |   299 ||   392
